 Dungeon Crawl Stone Soup version 0.22-a0-603-gfc1114d (webtiles) character file.

22 digijack the Skirmisher (level 2, -2/24 HPs)
             Began as a Mummy Wanderer on July 7, 2018.
             Slain by a bullfrog zombie (6 damage)
             ... on level 2 of the Dungeon.
             The game lasted 00:10:13 (665 turns).

digijack the Skirmisher (Mummy Wanderer)             Turns: 665, Time: 00:10:13

Health: -2/24      AC:  3    Str: 15    XL:     2   Next: 68%
Magic:  2/2        EV: 12    Int: 10    God:
Gold:   47         SH:  0    Dex: 12    Spells: 1/1 levels left

rFire    x . .     SeeInvis .   a - +2 spear
rCold    + . .     Gourm    .   (no shield)
rNeg     + + +     Faith    .   d - +1 robe
rPois    ∞         Spirit   .   (no helmet)
rElec    .         Reflect  .   (no cloak)
rCorr    .         Harm     .   (no gloves)
MR       .....     Rnd*Tele +   (no boots)
Stlth    ++........             (no amulet)
HPRegen  0.08/turn              b - ring of teleportation (curse)
MPRegen  0.08/turn              (no ring)

@: no status effects
A: no food or potions, fire vulnerability, cold resistance 1, negative energy
resistance 3, torment resistance, unbreathing
a: no special abilities


You were on level 2 of the Dungeon.
You were not hungry.

You visited 1 branch of the dungeon, and saw 2 of its levels.

You collected 47 gold pieces.

Inventory:

Hand Weapons
 a - a +2 spear (weapon)
Armour
 d - a +1 robe (worn)
Jewellery
 b - a cursed ring of teleportation (left hand)
Scrolls
 c - a scroll of teleportation


   Skills:
 + Level 3.1 Fighting
 * Level 2.0(2.2) Polearms
   Level 1.0(1.6) Staves
 * Level 2.0 Dodging
 * Level 1.8 Stealth


You had one spell level left.
You didn't know any spells.
Your spell library was empty.

Dungeon Overview and Level Annotations

Branches:
Dungeon (2/15)

Altars:


Innate Abilities, Weirdness & Mutations

You do not eat or drink.
Your flesh is vulnerable to fire.
You are immune to poison.
Your flesh is cold resistant. (rC+)
You are immune to negative energy. (rN+++)
You are immune to unholy pain and torment.
You can survive without breathing.


Message History

The bullfrog zombie hits you. The kobold misses you.
The crimson imp closely misses you. The bullfrog zombie misses you.
The crimson imp blinks!
The bullfrog zombie barely misses you.
The crimson imp blinks!
Found a stone staircase leading down.
The bullfrog zombie closely misses you.
You hit the bullfrog zombie.
The bullfrog zombie is lightly damaged.
The bullfrog zombie barely misses you. The bullfrog zombie hits you.
You hit the bullfrog zombie.
The bullfrog zombie is lightly damaged.
The bullfrog zombie closely misses you.
You hit the bullfrog zombie.
The bullfrog zombie is lightly damaged.
The bullfrog zombie hits you.
* * * LOW HITPOINT WARNING * * *
You barely miss the bullfrog zombie.
The bullfrog zombie is lightly damaged.
The bullfrog zombie hits you.
You die...

...........%.#
.............#
.5...........#
....<........#
...........$.#
.....5......##
....#Kw...##
#..##Z#####
... #@#
...........#
....#......#
.. ..>.....#
###......#
#......#
#......#
#......#


You could see a crimson imp, a dart slug, a bullfrog zombie and a kobold.

Vanquished Creatures
  2 dart slugs (D:1)
  2 giant cockroaches (D:1)
  2 goblins (D:1)
  3 kobolds
  2 bats
  4 frilled lizards
  5 rats (D:1)
20 creatures vanquished.

Notes
Turn   | Place    | Note
-------+----------+-------------------------------------------
     0 | D:1      | digijack the Mummy Wanderer began the quest for the Orb.
     0 | D:1      | digijack set off with: a +2 spear, a +0 falchion, a scroll of teleportation, a +0 robe, a +0 dagger
     0 | D:1      | Reached XP level 1. HP: 18/18 MP: 1/1
   149 | D:1      | Reached XP level 2. HP: 24/24 MP: 2/2
   650 | D:2      | Noticed a crimson imp
   665 | D:2      | Slain by a bullfrog zombie

Vault maps used:
D:1:      dpeg_arrival_ternary, minmay_misc_feat_chi
D:2:      first_ration

Skill      XL: |  1  2 |
---------------+-------+-----
Polearms       | 2 |  2.0
Dodging        | 2 |  2.0
Fighting       | |  3.1
Staves         | |  1.0
Stealth        | |  1.8

Action                   || total
-------------------------++-------
Melee: Spear             ||    64
  Use: Scroll            ||     4
 Stab: Sleeping          ||     3
Armor: Robe              ||    15
Dodge: Dodged            ||    31

Table legend:
 A = Spawn XP
 B = Non-spawn XP
 C = Spawn XP percentage of total XP
 D = Spawn monster count
 E = Non-spawn monster count
 F = Spawn count percentage of total count
 G = Total turns spent on level
                    A         B        C        D         E        F      G
               +---------+---------+-------+---------+---------+-------+---------
         Total |       0 |      32 |   0.0 |       0 |      20 |   0.0 |   665
               +---------+---------+-------+---------+---------+-------+---------
           D:1 |       0 |      28 |   0.0 |       0 |      17 |   0.0 |   618
           D:2 |       0 |       4 |   0.0 |       0 |       3 |   0.0 |    47
               +---------+---------+-------+---------+---------+-------+---------
